 Dungeon Crawl Stone Soup version 0.22.1-1-ga44c0e5 (webtiles) character file.

38 Wilfredo the Conjurer (level 3, -10/26 HPs)
             Began as a Draconian Conjurer on Oct 1, 2018.
             Mangled by an ogre
             ... wielding a +0 giant club
              (22 damage)
             ... on level 2 of the Dungeon.
             The game lasted 00:12:08 (1030 turns).

Wilfredo the Conjurer (Draconian Conjurer)          Turns: 1030, Time: 00:12:09

Health: -10/26     AC:  5    Str: 10    XL:     3   Next: 25%
Magic:  0/6        EV: 12    Int: 16    God:
Gold:   53         SH:  0    Dex: 11    Spells: 0/6 levels left

rFire    . . .     SeeInvis .   l - +0 whip
rCold    . . .     Gourm    .   (no shield)
rNeg     . . .     Faith    .   (armour unavailable)
rPois    .         Spirit   .   (helmet restricted)
rElec    .         Reflect  .   (no cloak)
rCorr    .         Harm     .   (no gloves)
MR       .....                  (no boots)
Stlth    ++........             (no amulet)
HPRegen  0.08/turn              (no ring)
MPRegen  0.10/turn              (no ring)

@: no status effects
A: unfitting armour, cold-blooded, AC +5
a: no special abilities


You were on level 2 of the Dungeon.
You were not hungry.

You visited 1 branch of the dungeon, and saw 2 of its levels.

You collected 53 gold pieces.

Inventory:

Hand Weapons
 l - a +0 whip (weapon)
Missiles
 d - 23 arrows
 h - 23 stones (quivered)
 i - 5 poisoned needles
Scrolls
 f - a scroll of teleportation
 j - a scroll of amnesia {unknown}
 k - a scroll of fear {unknown}
 m - a scroll of identify {unknown}
Potions
 a - a potion of degeneration {unknown}
 c - a potion of haste {unknown}
 e - 2 potions of curing {unknown}
 g - a potion of lignification {unknown}
 o - a potion of cancellation {unknown}
Comestibles
 b - 2 rations
 n - 4 chunks of flesh


   Skills:
 + Level 0.5 Maces & Flails
 + Level 2.1 Dodging
 + Level 1.9 Stealth
 + Level 2.1 Spellcasting
 + Level 4.7 Conjurations


You couldn't memorise any spells.
You knew the following spells:

 Your Spells              Type           Power        Failure   Level  Hunger
a - Magic Dart            Conj           ###.         3%          1    #......
b - Searing Ray           Conj           ###...       4%          2    ###....
c - Dazzling Spray        Conj/Hex       #.....       24%         3    ###....

Your spell library contained the following spells:

 Spells                   Type           Power        Failure   Level  Hunger
 Iskenderun's Mystic Bla  Conj           ###.....     28%         4    #####..
 Force Lance              Conj/Tloc      #.......     61%         4    #####..
 Fulminant Prism          Conj/Hex       #.........   61%         4    #####..


Dungeon Overview and Level Annotations

Branches:
Dungeon (2/15)

Altars:
Qazlal


Innate Abilities, Weirdness & Mutations

Your plain brown scales are hard. (AC +5)
You cannot fit into any form of body armour.
You are cold-blooded and may be slowed by cold attacks.


Message History

The ogre is heavily wounded.
Casting: Searing Ray (safe; 4% risk of failure)
Confirm with . or Enter, or press ? or * to list all spells.
Aiming: Magic Dart (safe; 3% risk of failure)
Press: ? - help, Shift-Dir - straight line, f/p - ogre
Aim: an ogre, wielding a giant club (heavily wounded)
The magic dart hits the ogre.
The ogre is heavily wounded.
You hit the ogre.
The ogre is severely wounded.
The ogre hits you with a giant club!
Ouch! That really hurt!
You hit the ogre.
The ogre is almost dead.
The ogre barely misses you.
You barely miss the ogre. You tail-slap the ogre.
The ogre is almost dead.
The ogre hits you with a giant club!!
Ouch! That really hurt!
You die...

######## #......#
#.#
#.####@#########
#....O..........
#..#.#.#.#.####
............#
.##.#.#.#.#.# #
...........## #
##..#.#.#.#..###.
#
##..............
# #.#.#.#.#.###.#
#


You could see an ogre.

Vanquished Creatures
  An adder (D:2)
  An ooze (D:1)
  A giant cockroach (D:1)
  4 goblins
  5 hobgoblins (D:1)
  A kobold (D:2)
  A quokka (D:2)
  3 bats
  2 frilled lizards
  6 rats
25 creatures vanquished.

Notes
Turn   | Place    | Note
-------+----------+-------------------------------------------
     0 | D:1      | Wilfredo the Draconian Conjurer began the quest for the
                  | Orb.
     0 | D:1      | Reached XP level 1. HP: 14/14 MP: 3/3
   126 | D:1      | Reached XP level 2. HP: 20/20 MP: 1/5
   741 | D:2      | Reached XP level 3. HP: 22/26 MP: 4/6
   750 | D:2      | Learned a level 2 spell: Searing Ray
   754 | D:2      | Learned a level 3 spell: Dazzling Spray
   871 | D:2      | Found a stormy altar of Qazlal.
   871 | D:2      | Noticed an earth elemental
   873 | D:2      | Noticed an air elemental
   874 | D:2      | Noticed a fire elemental
   874 | D:2      | Noticed a water elemental
  1020 | D:2      | Noticed an ogre
  1030 | D:2      | Mangled by an ogre

Skill      XL: |  1  2 |
---------------+-------+-----
Dodging        | 2 |  2.1
Maces & Flails | |  0.5
Stealth        | |  1.9
Spellcasting   | |  2.1
Conjurations   | |  4.7

Action                   || total
-------------------------++-------
Melee: Club              ||     9
       Whip              ||    28
       Tailslap          ||     2
 Cast: Magic Dart        ||    32
       Searing Ray       ||     1
  Use: Scroll            ||     1
  Eat: Chunk             ||     1
Armor: Skin              ||     6
Dodge: Dodged            ||    23
